AoeStats
← Emperor_Napoleon

Arabia

510457940Analyzed
1v1 RM · 18h ago on Oct 1, 2026· 63m 6s· 2 players
Game mode
Random Map
Map size
Tiny (2 player)
Population
200
Speed
Normal
Resources
Standard
Victory
Conquest
Starting age
Dark Age
Ending age
Imperial Age
RankedLock teamsTeams togetherTeam positionsShared explorationLock speedFull tech treeHidden civsTurbo modeCheats
Victory
Defeat
🇨🇳 Armenians · China
2317
+13
🇦🇷 Japanese · Argentina
2246
-13
C+
6:35 Loom
9:37 Feudal Age
11:00 Double-Bit Axe
11:45 Horse Collar
14:36 Fletching
21:10 Castle Age
19:42 Gold Mining
20:09 Padded Archer Armor
22:00 Bodkin Arrow
22:16 Bow Saw
21:47 Elite Skirmisher
25:33 Leather Archer Armor
27:16 Ballistics
27:12 Heavy Plow
27:51 Wheelbarrow
27:24 Town Watch
29:22 Stone Mining
30:16 Husbandry
30:23 Guard Tower
36:56 Imperial Age
35:07 Bloodlines
37:06 Gold Shaft Mining
37:31 Masonry
37:47 Siege Engineers
37:50 Bracer
38:49 Kataparuto
39:06 Ring Archer Armor
40:30 Chemistry
40:55 Light Cavalry
42:04 Parthian Tactics
42:15 Hand Cart
42:34 Thumb Ring
42:22 Heavy Cavalry Archer
43:42 Treadmill Crane
44:38 Keep
43:50 Arrowslits
43:47 Treadmill Crane
45:30 Keep
44:43 Crossbowman
45:46 Light Cavalry
48:27 Conscription
48:11 Yasama
48:43 Crossbowman
54:14 Hoardings
54:49 Hoardings
55:03 Scale Barding Armor
55:08 Forging
55:11 Light Cavalry
56:12 Chain Barding Armor
56:28 Iron Casting
Emperor_Napoleon
7:01 Loom
9:09 Feudal Age
9:20 Man-at-Arms
10:45 Long Swordsman
12:44 Double-Bit Axe
14:58 Fletching
15:35 Arson
16:26 Scale Mail Armor
21:34 Castle Age
20:12 Horse Collar
20:25 Gold Mining
21:36 Crossbowman
22:14 Bodkin Arrow
22:55 Bow Saw
23:22 Padded Archer Armor
25:34 Squires
30:34 Ballistics
32:10 Wheelbarrow
31:21 Town Watch
35:08 Imperial Age
33:52 Heavy Plow
34:29 Gold Shaft Mining
33:47 Stone Mining
35:11 Hand Cart
35:53 Bracer
36:55 Chemistry
35:43 Arbalester
38:16 Masonry
37:40 Elite Skirmisher
38:50 Two-Handed Swordsman
39:16 Gambesons
39:48 Chain Mail Armor
39:43 Forging
39:48 Champion
42:05 Plate Mail Armor
43:47 Iron Casting
43:23 Fereters
43:39 Conscription
46:18 Blast Furnace
46:30 Leather Archer Armor
46:17 Capped Ram
51:15 Ring Archer Armor
53:09 Treadmill Crane
56:21 Siege Ram
58:47 Pikeman
62:07 Coinage
Connection lost

Rejoining the realm…

Still unreachable

The connection could not be restored.

Session expired

The server has moved on; the page needs a fresh start.